 Dungeon Crawl Stone Soup version 0.30.0-5-g1a98f26d00 (webtiles) character file.

Game seed: 14730352398441134107

43 selver the Slasher (level 3, -1/29 HPs)
             Began as a Demonspawn Monk on May 12, 2023.
             Slain by an ice beast (9 damage)
             ... on level 6 of the Dungeon.
             The game lasted 00:03:42 (1245 turns).

selver the Slasher (Demonspawn Monk)                Turns: 1245, Time: 00:03:43

Health: -1/29      AC:  3    Str: 11    XL:     3   Next: 37%
Magic:  3/3        EV: 13    Int: 11    God:
Gold:   101        SH:  0    Dex: 17    Spells: 2/2 levels left

rFire   . . .        a - +0 falchion
rCold   . . .        d - orb {light}
rNeg    . . .        b - +0 robe
rPois   .            k - +0 helmet
rElec   .            (no cloak)
rCorr   .            (no gloves)
SInv    .            (no boots)
Will    .....        q - amulet of regeneration
Stlth   +            h - +4 ring of slaying
HPRegen 1.04/turn    (no ring)
MPRegen 0.08/turn

%: no passive effects
@: glowing
A: powered by pain 1
a: no special abilities


You were on level 6 of the Dungeon.
You visited 1 branch of the dungeon, and saw 4 of its levels.

You collected 101 gold pieces.

Inventory:

Hand Weapons
 a - a +0 falchion (weapon)
Armour
 b - a +0 robe (worn)
 d - an orb of light (worn)
 k - a +0 helmet (worn)
Jewellery
 h - a +4 ring of slaying (left hand)
 q - an amulet of regeneration (around neck)
 s - a +6 ring of dexterity
Wands
 p - a wand of flame (14)
Scrolls
 e - a scroll of teleportation {unknown}
 f - 5 scrolls of identify {unknown}
 i - a scroll of summoning {unknown}
 l - a scroll of fog {unknown}
 n - a scroll of enchant armour {unknown}
 o - a scroll of amnesia
 r - a scroll of noise {unknown}
Potions
 g - a potion of might {unknown}
 j - a potion of brilliance {unknown}
 m - 2 potions of degeneration {unknown}


   Skills:
 - Level 3.0 Fighting
 + Level 4.1 Long Blades
 - Level 2.6 Dodging


You had 2 spell levels left.
You didn't know any spells.
Your spell library contained the following spells:

 Spells                   Type           Power      Damage    Failure   Level
 Animate Dead             Necr           0%         N/A       98%         4
 Haunt                    Necr/Summ      0%         N/A       100%        7
 Infestation              Necr           0%         N/A       100%        8


Dungeon Overview and Level Annotations

Branches:
Dungeon (3/15)

Altars:

Shops:
D:1 :[


Innate Abilities, Weirdness & Mutations

You sometimes gain a little power by taking damage.


Message History

The ice beast freezes you. The phantom closely misses you.
As you read the scroll labelled OMO RASOLESO, it crumbles to dust.
It is a scroll of amnesia.
You feel forgetful for a moment. The ice beast hits you.
The ice beast freezes you! The phantom barely misses you.
You are confused.
You feel invigorated. The phantom misses you. The ice beast hits you.
The ice beast freezes you!
* * * LOW HITPOINT WARNING * * *
You hit the phantom.
The phantom is lightly damaged.
The ice beast closely misses you. The phantom hits you.
* * * LOW HITPOINT WARNING * * *
The phantom blinks!
You blink.
You're too confused to move!
The ice beast barely misses you. The phantom hits you.
The ice beast misses you. The ice beast attacks as you move away!
The ice beast closely misses you.
You barely miss the ice beast. The ice beast hits you.
The ice beast freezes you! The phantom barely misses you.
You are too confused!
The ice beast hits you. The ice beast freezes you!
* * * LOW HITPOINT WARNING * * *
The ice beast attacks as you move away! The ice beast hits you.
* * * LOW HITPOINT WARNING * * *
The ice beast freezes you.
* * * LOW HITPOINT WARNING * * *
The phantom closely misses you. The phantom attacks as you move away!
The phantom hits you but does no damage.
Found a robe.
A killer bee comes into view.
The killer bee moves out of view.
You feel less invigorated.
You feel less confused. The phantom attacks as you move away!
The phantom hits you. The ice beast hits you.
* * * LOW HITPOINT WARNING * * *
The ice beast freezes you!
You die...

......... #
.......♣!.##
......♣♣..##
...........#
..........#
#....../.#
#......♣
#@....♣♣
#WY....♣#
##.......#
###........#
............#
............#
[.......♣♣..##
........♣..##
...........#


You could see an ice beast and a phantom.

Vanquished Creatures
  2 adders (D:2)
  A worm (D:2)
  2 ball pythons
  An endoplasm (D:1)
  2 giant cockroaches
  4 hobgoblins
  2 kobolds
  2 bats
  A frilled lizard (D:2)
  3 goblins
  2 rats
22 creatures vanquished.

Notes
Turn   | Place    | Note
-------+----------+-------------------------------------------
     0 | D:1      | selver the Demonspawn Monk began the quest for the Orb.
     0 | D:1      | Reached XP level 1. HP: 18/18 MP: 1/1
    80 | D:1      | Reached skill level 3 in Long Blades
   175 | D:1      | Found Bofryasta's Vocational Training.
   292 | D:1      | Found Goghuk's Antique Armour Emporium.
   393 | D:1      | Gained mutation: You sometimes gain a little power by
                  | taking damage. [demonic ancestry]
   393 | D:1      | Reached XP level 2. HP: 24/24 MP: 2/2
   791 | D:2      | Reached XP level 3. HP: 29/29 MP: 3/3
  1034 | D:2      | Reached skill level 4 in Long Blades
  1223 | D:3      | You fall into a shaft and drop 3 floors!
  1224 | D:6      | Noticed a phantom
  1229 | D:6      | Noticed an ice beast
  1242 | D:6      | HP: 1/29 [ice beast (6)]
  1243 | D:6      | Noticed a killer bee
  1245 | D:6      | Slain by an ice beast

Illustrated notes

Levels and vault maps discovered:
D:1:      saegor_arrival_under_anarchy, layout_rooms, serial_shops,
          nicolae_square_shop, nicolae_shop_vocational
D:2:      layout_basic
D:3:      layout_basic, chequers_ecumenical_altar_island, serial_shops, shop,
          dreamdust_princess_corridor, chequers_jeans, uniq_ijyb
D:6:      layout_basic, kennysheep_decorative_pillar

Skill      XL: |  1  2  3 |
---------------+----------+-----
Long Blades    | 3 4 |  4.1
Fighting       | |  3.0
Dodging        | |  2.6

Action                     || total
---------------------------++-------
  Melee: Falchion          ||    42
    Use: Scroll            ||     1
         Potion            ||     1
 Armour: Robe              ||     8
  Dodge: Dodged            ||    27
